Unix NetHack Version 5.0.0-0 post-release - last build Jul 19 2026 19:10:59 (3aa4ab31751d3886436d94b585a96704892fd477,branch:main).

Game began 2026-07-22 11:48:23, ended 2026-07-22 11:53:21.

Clayface, chaotic female human Rogue

                                                                        --
                                                                        ..
                                                                     ---.-.
                                                                   --.|...-
                                                               -----......---
                                                             |............`.--
                                                             ----.<..........|
                                                                --..........--
                                                                --..........|
                                                                |..@%..-- ..|
                                                                |......|   --
                                                                -)----.|
                                                               .^...   .
                                                             ...--.... *.
                                                             -.   .........
                                                             ..   .......>..
                                                            ---    .........-
                                                                   ------.---
                                                                         --
Clayface the Footpad    St:14 Dx:18 Co:13 In:10 Wi:8 Ch:11  Chaotic
Dlvl:3  $:23 HP:0(17) Pw:6(6) AC:7  Xp:2 T:458 

Latest messages:
 You see here a yellow gem.
 o - a yellow gem.
 You swap places with your kitten.
 You hear an A note squeak in the distance.
 You see here a lamp.
 p - a lamp.
 The gnome wields 5 daggers!
 In what direction? 1
 You throw 2 daggers.
 The 1st dagger hits the gnome.
 The 2nd dagger hits the gnome.
 In what direction? 1
 You throw 2 daggers.
 The 1st dagger hits the gnome.
 The 2nd dagger hits the gnome.
 You kill the gnome!
 Welcome to experience level 2.
 A board beneath the gnome squeaks an A note loudly.
 In what direction? 1
 The dagger hits the gnome.
 The gnome picks up a +0 dagger.
 In what direction? 1
 You throw 2 daggers.
 The 1st dagger hits the gnome.
 You kill the gnome!
 Your kitten eats a gnome corpse.
 You hit the gnome.
 The gnome hits!
 You hit the gnome.
 You kill the gnome!
 q - a yellow gem.
 The dagger hits the kitten.
 The kitten is killed!
 There are several objects here.
 The gnome misses!
 You hit the gnome.
 The gnome hits!
 The gnome throws a dart!
 You are hit by a dart.
 A board beneath the gnome lord squeaks an A note loudly.
 The gnome lord picks up a +0 dagger.
 You are hit by a crossbow bolt.
 You are hit by a crossbow bolt!
 You are hit by a crossbow bolt.
 You die...
 Do you want your possessions identified? [ynq] (y) y
 Do you want to see your attributes? [ynq] (y) n
 Do you want an account of creatures vanquished? [ynaq] (y) n
 Do you want to see your conduct and achievements? [ynq] (y) n
 Do you want to see the dungeon overview? [ynq] (y) n

Inventory:
 Coins    ('$')
  $ - 23 gold pieces
 Weapons  (')')
  h - a +0 crossbow
  b - a +0 dagger (weapon in right hand)
  k - 6 +0 daggers (at the ready)
  a - a +0 short sword (alternate weapon; not wielded)
 Armor    ('[')
  c - an uncursed +1 leather armor (being worn)
 Comestibles  ('%')
  j - 4 uncursed food rations
 Scrolls  ('?')
  n - an uncursed scroll of confuse monster
 Potions  ('!')
  i - a blessed potion of fruit juice
  m - an uncursed potion of gain ability
  d - an uncursed potion of sickness
 Tools    ('(')
  f - an empty uncursed sack
  g - an uncursed blindfold
  e - an uncursed lock pick
  p - an uncursed oil lamp
 Gems/Stones  ('*')
  o - an uncursed chrysoberyl stone
  q - an uncursed worthless piece of yellow glass
  l - an uncursed flint stone

Clayface the Rogue's attributes:

Background:
 You were a Footpad, a level 2 female human Rogue.
 You were chaotic, on a mission for Kos
 who was opposed by Issek (lawful) and Mog (neutral).
 You were right-handed.
 You were in the Gnomish Mines, on level 3.
 You entered the dungeon 458 turns ago.
 You had 35 experience points, 5 more were needed to attain level 3.

Basics:
 You had 0 out of 17 hit points.
 You had all 6 energy points (spell power).
 Your armor class was 7.
 Your wallet contained 23 zorkmids.
 Autopickup was off.

Final Characteristics:
 Your strength was 14 (limit:18/100).
 Your dexterity was 18 (limit:18).
 Your constitution was 13 (limit:18).
 Your intelligence was 10 (limit:18).
 Your wisdom was 8 (limit:18).
 Your charisma was 11 (limit:18).

Final Status:
 You weren't hungry.
 You were unencumbered.
 You were wielding a dagger.
 You had basic skill with dagger.

Final Attributes:
 You were fervently aligned.
 You were stealthy.
 You were warded.
 You are dead.

Miscellaneous:
 You didn't encounter any bones levels.
 Total elapsed playing time was 4 minutes and 56 seconds.

Major events:
 Turn
    1: Clayface the chaotic female human Rogue entered the dungeon
  433: entered the Gnomish Mines
  458: killed by a crossbow bolt

You didn't know any spells.

Skills:
 Fighting Skills
   bare handed combat [Unskilled]
   two weapon combat  [Unskilled]
   riding             [Unskilled]
 Weapon Skills
   dagger             [Basic]
   knife              [Unskilled]
   short sword        [Basic]
   broadsword         [Unskilled]
   long sword         [Unskilled]
   two-handed sword   [Unskilled]
   saber              [Unskilled]
   club               [Unskilled]
   mace               [Unskilled]
   morning star       [Unskilled]
   flail              [Unskilled]
   hammer             [Unskilled]
   polearms           [Unskilled]
   spear              [Unskilled]
   crossbow           [Unskilled]
   dart               [Unskilled]
   shuriken           [Unskilled]
 Spellcasting Skills
   divination spells  [Unskilled]
   escape spells      [Unskilled]
   matter spells      [Unskilled]

Voluntary challenges:
 Character rerolling was not enabled.
 You followed a strict vegan diet.
 You were an atheist.
 You were illiterate.
 You never genocided any monsters.
 You never polymorphed an object.
 You never changed form.
 You used no wishes.
Achievement:
 You entered the Gnomish Mines.

 The Dungeons of Doom: levels 1 to 3
    Level 1:
    Level 2:
       A fountain.
       Stairs down to The Gnomish Mines.
    Level 3:
 The Gnomish Mines:
    Level 3: <- You were here.
       Final resting place for
          you, killed by a crossbow bolt.


Vanquished creatures:
  a kitten
  3 gnomes
  2 jackals
  3 lichens
  a newt
10 creatures vanquished.

No species were genocided or became extinct.

Game over:
                       ----------
                      /          \
                     /    REST    \
                    /      IN      \
                   /     PEACE      \
                  /                  \
                  |     Clayface     |
                  |      23 Au       |
                  |   killed by a    |
                  |  crossbow bolt   |
                  |                  |
                  |                  |
                  |       2026       |
                 *|     *  *  *      | *
        _________)/\\_//(\/(/\)/\//\/|_)_______

Goodbye Clayface the Rogue...

You died in The Gnomish Mines on dungeon level 3 with 261 points,
and 23 pieces of gold, after 458 moves.
You were level 2 with a maximum of 17 hit points when you died.

